Map: Central Protocol

Players

Miszu

  • Race: Terran Terran
  • League: Master

CookieJar - Winner!

  • Race: Zerg Zerg
  • League: Master

VOD

Have the link to the VOD?

Description

Time

  • Played on: March 13, 2016, 8:51 a.m.
  • Length: 7:55
Show
View Real Time Build Order
Export as new Build Order

Miszu Terran 

Build Orders:  

Get SALT Encoding   

  12  0:00  SCV  
  13  0:13  SCV  
  14  0:18  Supply Depot  
  14  0:25  SCV  
  15  0:39  SCV  
  15  0:41  Barracks  
  16  0:43  Refinery  
  16  0:51  SCV  
  17  0:59  Barracks  
  17  1:03  SCV  
  18  1:15  Barracks  
  18  1:20  SCV  
  19  1:28  Reaper  
  19  1:32  Refinery  
  20  1:40  Supply Depot  
  20  1:46  Reaper  
  21  1:57  Orbital Command  
  21  2:02  Reaper  
  22  2:09  Reaper  
  23  2:16  Supply Depot  
  23  2:21  Reaper  
  24  2:34  Reaper  
  25  2:38  SCV  
  25  2:41  Reaper  
  27  2:53  Reaper  
  28  3:07  Reaper  
  28  3:10  SCV  
  30  3:13  Reaper  
  31  3:30  Reaper  
  31  3:34  SCV  
  33  3:38  Command Center  
  33  3:39  Reaper  
  33  3:40  Supply Depot  
  34  3:45  Reaper  
  34  3:46  SCV  
  36  3:58  SCV  
  37  4:09  Barracks Reactor  
  37  4:10  SCV  
  38  4:22  SCV  
  34  4:32  Barracks Reactor  
  34  4:34  SCV  
  35  4:39  Command Center  
  35  4:46  SCV  
  35  4:50  Marine x2  
  39  4:55  Orbital Command  
  39  4:58  SCV  
  39  4:59  Barracks Tech Lab  
  39  5:08  Marine x2  
  39  5:10  SCV  
  39  5:13  Marine x2  
  42  5:20  Factory  
  42  5:23  Marine, SCV  
  42  5:24  Orbital Command  
  42  5:26  Marine x2  
  46  5:30  Marine  
  46  5:31  Marine  
  46  5:35  SCV  
  49  5:41  Marine  
  50  5:46  Marine  
  50  5:47  Marine, SCV  
  50  5:48  Marine x2  
  55  5:51  Stimpack  
  55  5:58  SCV, Orbital Command  
  55  5:59  Marine, SCV  
  58  6:04  Marine x2  
  58  6:06  Marine x2  
  58  6:10  SCV  
  58  6:11  Starport, Factory Reactor  
  57  6:13  SCV  
  57  6:16  Marine  
  59  6:22  Marine x2, SCV  
  59  6:24  Marine  
  59  6:25  SCV  
  64  6:26  Refinery x2  
  64  6:29  Supply Depot  
  64  6:36  Engineering Bay  
  64  6:37  Engineering Bay, SCV  
  64  6:38  SCV  
  66  6:43  Marine x3  
  66  6:44  Marine  
  71  6:53  SCV x2  
  73  6:56  Supply Depot  
  73  6:57  Factory Tech Lab  
  73  7:00  Medivac  
  73  7:01  Marine  
  75  7:04  Medivac  
  75  7:05  SCV x2  
  79  7:12  Orbital Command  
  79  7:15  Marine  
  79  7:16  Supply Depot  
  79  7:17  SCV x2  
  79  7:19  Supply Depot  
  79  7:21  Siege Tank  
  85  7:27  Marine  
  85  7:28  Marine x3  
  85  7:29  SCV  
  91  7:30  SCV  
  91  7:33  Missile Turret  
  91  7:37  SCV  
  91  7:41  SCV  
  91  7:42  SCV  
Show
View Real Time Build Order
Export as new Build Order

CookieJar Zerg - Winner!

Build Orders: Hatch First 

Get SALT Encoding   

  12  0:00  Drone  
  13  0:13  Overlord  
  13  0:18  Drone  
  14  0:31  Drone x2  
  14  0:35  Drone  
  17  0:54  Hatchery  
  17  0:55  Drone  
  17  0:59  Drone  
  18  1:05  Extractor  
  17  1:13  Spawning Pool  
  17  1:17  Drone  
  17  1:22  Drone  
  18  1:28  Drone  
  19  1:45  Overlord  
  19  1:55  Drone  
  19  2:00  Queen  
  22  2:04  Zergling x2  
  22  2:06  Metabolic Boost  
  22  2:07  Queen  
  25  2:08  Zergling x2  
  25  2:12  Zergling x2  
  27  2:18  Zergling x2  
  27  2:22  Drone  
  29  2:28  Drone  
  30  2:34  Spine Crawler  
  30  2:35  Drone  
  29  2:43  Drone x2  
  31  2:45  Queen  
  33  2:58  Overlord, Drone  
  33  3:09  Spine Crawler  
  33  3:10  Zergling x6  
  36  3:16  Queen  
  36  3:19  Zergling x10  
  39  3:29  Zergling x6  
  40  3:34  Zergling x2  
  40  3:40  Zergling x2  
  41  3:46  Zergling x2  
  42  3:51  Zergling x2  
  42  3:53  Overlord x2  
  41  4:10  Hatchery  
  41  4:13  Zergling x6  
  41  4:14  Zergling x6  
  45  4:18  Drone  
  45  4:19  Drone  
  45  4:26  Drone  
  45  4:27  Drone  
  45  4:30  Drone x2  
  45  4:31  Drone x3  
  48  4:36  Lair  
  48  4:39  Zergling x2  
  48  4:41  Zergling x2  
  50  4:50  Zergling x2  
  50  4:52  Zergling x2  
  52  4:57  Extractor  
  52  4:59  Drone x4  
  54  5:00  Drone x2  
  55  5:12  Drone x2  
  55  5:13  Zergling x2  
  56  5:19  Hatchery  
  56  5:21  Drone  
  56  5:25  Zergling x4  
  52  5:43  Zergling x2  
  52  5:44  Zergling x12  
  58  5:50  Zergling x6  
  58  5:51  Baneling Nest  
  58  5:54  Queen  
  58  5:55  Drone  
  63  5:57  Overseer  
  63  6:01  Drone x2  
  63  6:02  Overlord  
  63  6:03  Overlord x3  
  58  6:12  Drone x2  
  58  6:13  Drone x2  
  62  6:22  Drone  
  62  6:23  Drone x2  
  62  6:25  Drone  
  66  6:30  Drone  
  66  6:38  Zergling x2, Drone x2  
  66  6:39  Zergling x8  
  73  6:45  Zergling x2  
  73  6:46  Zergling x2  
  75  6:50  Zergling x2  
  75  6:51  Hatchery  
  75  6:54  Zergling x2  
  75  7:01  Drone x2, Evolution Chamber  
  78  7:02  Evolution Chamber  
  78  7:05  Zergling x14  
  78  7:06  Zergling x2  
  84  7:10  Baneling x8  
  84  7:11  Baneling  
  84  7:16  Baneling x4  
  84  7:17  Baneling x2  
  84  7:18  Zergling x2, Baneling x4  
  85  7:26  Drone x5  
  90  7:31  Extractor, Zergling x6  
  92  7:38  Zergling x2  
Tags
 
Add a new tag
Caveats
  • Supply blocks, unpowered buildings, or Contaminate may cause inaccurate times.
  • Supply counts are checked every 10 seconds.